 Dungeon Crawl Stone Soup version 0.26-b1-32-g5d43845318 (webtiles) character file.

Game seed: 11001002830131741736

275 Borgoz the Slasher (level 6, 0/51 HPs)
             Began as a Ghoul Gladiator on Jan 13, 2021.
             Slain by a troll (15 damage)
             ... on level 6 of the Dungeon.
             The game lasted 00:02:49 (2688 turns).

Borgoz the Slasher (Ghoul Gladiator)                Turns: 2688, Time: 00:02:49

Health: 0/51       AC:  6    Str: 18    XL:     6   Next: 25%
Magic:  5/5        EV: 13    Int:  3    God:
Gold:   227        SH:  0    Dex: 12    Spells: 5/5 levels left

rFire    . . .     SeeInvis .   a - +0 long sword
rCold    + . .     Faith    .   (no shield)
rNeg     + + +     Spirit   .   b - +0 leather armour
rPois    ∞         Reflect  .   c - +0 helmet
rElec    .         Harm     .   (no cloak)
rCorr    .         Rampage  .   (no gloves)
Will     .....                  j - +1 pair of boots
Stlth    +.........             (no amulet)
HPRegen  0.00/turn              (no ring)
MPRegen  0.09/turn              (no ring)

@: no status effects
A: claws 1, cold resistance 1, negative energy resistance 3, inhibited
regeneration, torment resistance, unbreathing
a: no special abilities


You were on level 6 of the Dungeon.
You visited 1 branch of the dungeon, and saw 5 of its levels.

You collected 227 gold pieces.

Inventory:

Hand Weapons
 a - a +0 long sword (weapon)
Missiles
 d - 2 throwing nets (quivered)
Armour
 b - a +0 leather armour (worn)
 c - a +0 helmet (worn)
 j - a +1 pair of boots (worn)
Wands
 i - a wand of acid (6)
Scrolls
 e - 3 scrolls of remove curse {unknown}
 f - 3 scrolls of identify {unknown}
 h - a scroll of teleportation {unknown}
 l - a scroll of enchant armour {unknown}
Potions
 g - 2 potions of attraction {unknown}
 k - 2 potions of lignification {unknown}
 m - a potion of flight {unknown}
 n - a potion of heal wounds
 o - a potion of degeneration {unknown}
 p - a potion of curing
 q - a potion of might {unknown}


   Skills:
 + Level 3.2 Fighting
 * Level 4.0 Long Blades
 - Level 1.7 Throwing
 * Level 2.7 Armour
 * Level 3.9 Dodging


You had 5 spell levels left.
You didn't know any spells.
Your spell library was empty.

Dungeon Overview and Level Annotations

Branches:
Dungeon (4/15)
 Temple: D:4-7

Altars:


Innate Abilities, Weirdness & Mutations

You thrive by killing the living.
You are immune to poison.
You have sharp fingernails.
Your flesh is cold resistant. (rC+)
You are immune to negative energy. (rN+++)
You do not regenerate when monsters are visible.
You are immune to unholy pain and torment.
You can survive without breathing.


Message History

The orc wizard points at you and mumbles some strange words.
The puff of flame hits you.
The orc wizard points at you and mumbles some strange words.
The puff of frost hits you. You resist.
You slash the orc wizard!
You kill the orc wizard!
You feel better.
You barely miss the troll. The troll bites you.
The troll claws you but does no damage. x2
The troll bites you but does no damage. The troll claws you.
The troll claws you!
* * * LOW HITPOINT WARNING * * *
You hit the troll.
The troll is lightly wounded.
The troll bites you but does no damage. The troll misses you.
The troll closely misses you.
You hit the troll.
The troll is lightly wounded.
The troll bites you!
You die...

#######.#
#oT@....#
#o#######
.o. #..#o
......
#.#. #? #
. #. ##
#.


You could see a troll and 3 orcs.

Vanquished Creatures
  A hound (D:4)
  Jessica (D:3)
  2 orc wizards (D:6)
  Terence (D:2)
  A worker ant (D:6)
  6 adders
  An ooze (D:2)
  A worm (D:4)
  3 dart slugs (D:1)
  4 leopard geckos
  2 giant cockroaches (D:2)
  3 hobgoblins
  9 kobolds
  2 ball pythons
  9 bats
  A frilled lizard (D:2)
  12 goblins
  9 rats
68 creatures vanquished.

Vanquished Creatures (others)
  4 toadstools (D:1)
4 creatures vanquished.

Grand Total: 72 creatures vanquished

Notes
Turn   | Place    | Note
-------+----------+-------------------------------------------
     0 | D:1      | Borgoz the Ghoul Gladiator began the quest for the Orb.
     0 | D:1      | Reached XP level 1. HP: 17/17 MP: 0/0
   113 | D:1      | Reached XP level 2. HP: 22/24 MP: 1/1
   358 | D:1      | Reached skill level 3 in Long Blades
   558 | D:1      | Reached skill level 1 in Armour
   642 | D:1      | Reached XP level 3. HP: 30/30 MP: 2/2
   763 | D:2      | Noticed Terence
  1163 | D:2      | Reached XP level 4. HP: 34/37 MP: 3/3
  1209 | D:2      | Killed Terence
  1468 | D:2      | Reached XP level 5. HP: 44/44 MP: 4/4
  1902 | D:3      | Noticed Jessica
  1910 | D:3      | Killed Jessica
  2669 | D:4      | You fall into a shaft and drop 2 floors!
  2677 | D:6      | Noticed a troll
  2679 | D:6      | Reached XP level 6. HP: 40/51 MP: 5/5
  2681 | D:6      | Reached skill level 4 in Long Blades
  2688 | D:6      | Slain by a troll

Illustrated notes

Levels and vault maps discovered:
D:1:      ldierk_walled_garden_2, layout_loops_ring
D:2:      layout_rooms, uniq_terence
D:3:      layout_loops_ring, uniq_jessica
D:4:      layout_loops_corners, kennysheep_generic_room_6
D:6:      layout_basic, nicolae_ru_great_annihilating_truth

Skill      XL: |  1  2  3  4  5  6 |
---------------+-------------------+-----
Long Blades    | 3 4 |  4.0
Armour         | 1 2 |  2.7
Dodging        | 3 |  3.9
Fighting       | 3 |  3.2
Throwing       | |  1.7

Action                   |  1- 3 |  4- 6 || total
-------------------------+-------+-------++-------
Melee: Long sword        |    90 |   131 ||   221
Throw: Throwing net      |       |     2 ||     2
  Use: Potion            |     1 |     1 ||     2
 Stab: Held in net/web   |       |     1 ||     1
Armor: Leather armour    |    37 |    70 ||   107
Dodge: Dodged            |   101 |   116 ||   217
       Rpst.: Long sword |    32 |    34 ||    66
